 Dungeon Crawl Stone Soup version 0.21.1-1-g345015fe64 (webtiles) character file.

1413 Gargoyl the Chopper (level 8, 0/103 HPs)
             Began as a Centaur Abyssal Knight on June 22, 2018.
             Was a High Priest of Lugonu.
             Slain by a two-headed ogre
             ... wielding a +0 giant club
              (8 damage)
             ... on level 5 of the Dungeon on June 23, 2018.
             The game lasted 00:12:07 (5561 turns).

Gargoyl the Chopper (Centaur Abyssal Knight)        Turns: 5561, Time: 00:12:07

Health: 0/103      AC: 24    Str: 15 (16) XL:     8   Next: 43%
Magic:  18/18      EV:  1    Int: 11 (14) God:    Lugonu [*****.]
Gold:   318        SH:  0    Dex: 15      Spells: 7/7 levels left

rFire    + . .     SeeInvis .   a - +2 hand axe (flame)
rCold    + . .     Gourm    .   (no shield)
rNeg     + + +     Faith    .   (armour currently unavailable)
rPois    +         Spirit   .   (helmet currently unavailable)
rElec    +         Reflect  .   (cloak currently unavailable)
rCorr    +         Harm     .   (gloves currently unavailable)
MR       +....     NoTele   +   (no barding)
Stlth    ++........             (no amulet)
HPRegen  0.67/turn              e - ring of protection from magic
MPRegen  0.16/turn              h - ring of magical power

@: brilliant, agile, tree-form, resistant, very slightly contaminated, hasted,
drained, invisible, very quick
A: large, dopey 1, sense surroundings 1, regeneration 1
a: Depart the Abyss, Bend Space, Banish, Corrupt, Enter the Abyss, Renounce
Religion


You were on level 5 of the Dungeon.
You worshipped Lugonu.
Lugonu was extremely pleased with you.
You were hungry.
You were a tree.
You visited 1 branch of the dungeon, and saw 7 of its levels.
You visited the Abyss 1 time.
You also visited: Sewer and Ossuary.

You collected 318 gold pieces.

Inventory:

Hand Weapons
 a - a +2 hand axe of flaming (weapon)
Armour
 d - a +0 chain mail (melded)
 f - a +1 cloak (melded)
 n - a +0 helmet (melded)
Jewellery
 e - a ring of protection from magic (left branch)
 h - a ring of magical power (right branch)
 u - an uncursed ring of flight
Wands
 m - a wand of random effects (17)
 s - a wand of polymorph (7)
Scrolls
 o - a scroll of identify
 r - 3 scrolls of remove curse
 t - 3 scrolls of teleportation
 B - a scroll of fog
 C - a scroll of amnesia
Potions
 i - a potion of cancellation
 p - 2 potions of degeneration
 w - 4 potions of flight
 x - 2 potions of curing
Books
 l - a book of Changes

   Spells                             Type                      Level
   a - Beastly Appendage              Transmutation                1
   b - Sticks to Snakes               Transmutation                2
   c - Spider Form                    Transmutation/Poison         3
   d - Ice Form                       Ice/Transmutation            4
   e - Blade Hands                    Transmutation                5
 q - a book of Conjurations

   Spells                             Type                      Level
   a - Magic Dart                     Conjuration                  1
   b - Searing Ray                    Conjuration                  2
   c - Dazzling Spray                 Conjuration/Hexes            3
   d - Fulminant Prism                Conjuration/Hexes            4
   e - Force Lance                    Conjuration/Translocation    4
   f - Iskenderun's Mystic Blast      Conjuration                  4
Comestibles
 c - 8 rations


   Skills:
 + Level 5.5(5.4) Fighting
 + Level 6.3(6.2) Axes
 * Level 4.8(4.7) Armour
 + Level 1.5 Dodging
 * Level 2.2(2.1) Invocations


You had 7 spell levels left.
You didn't know any spells.

Dungeon Overview and Level Annotations

Branches:
Dungeon (7/15)             Temple (0/1) D:6

Altars:
Ashenzari
Gozag
Nemelex Xobeh
Wu Jian
The Shining One


Innate Abilities, Weirdness & Mutations

((You have hooves in place of feet.))
((Armour fits poorly on your strangely shaped body.))
((You cover ground very quickly.))
((You have extremely tough skin. (AC +3)))
((Your skin changes colour to match your surroundings (Stealth+).))
You are dopey. (Int -2)
You passively map a small area around you.
Your natural rate of healing is unusually fast.


Message History

You hit the two-headed ogre. You burn the two-headed ogre.
The two-headed ogre is heavily wounded.
It was a potion of resistance.
You feel protected.
The two-headed ogre hits you with a giant club!
* * * LOW HITPOINT WARNING * * *
The two-headed ogre hits you but does no damage.
It was a potion of haste.
You feel yourself speed up.
The two-headed ogre hits you but does no damage.
The two-headed ogre hits you with a giant club!
* * * LOW HITPOINT WARNING * * *
It was a potion of brilliance.
You feel clever all of a sudden.
Press: ? - help, Shift-Dir - straight line, f/p - two-headed ogre
Aim: a two-headed ogre, wielding two giant clubs (heavily wounded, chance to defeat MR: 67%)
You fail to use your ability.
The two-headed ogre hits you with a giant club!
* * * LOW HITPOINT WARNING * * *
The two-headed ogre hits you with a giant club!
You die...

#.....# ###.############ ##.....#
#....# .#.....# ##....# .#...=.#
#....## .####'##### ##....# .#
#.....# ##....## .# #.....#
#.[..## .####.....### ##...#
######### .'..........# #.♣.##
#.....>.. .####.......# #.O##
######### #####.....#.# #..#
#.....## ....#.####..# #..##
#......## ###.#.###...###...#
#.......# .<#.#.##....##....##
#........
....#.#.....##....8######........
..[##.......##.....#...##........
.)).........##......._.##........


You could see a two-headed ogre.

Vanquished Creatures
  Purgy (Sewer)
  An ice beast (D:7)
  An ogre (D:5)
  3 centaurs (D:5)
  A scorpion (D:4)
  A howler monkey (D:4)
  A centaur skeleton (D:4)
  A jelly (D:5)
  A gnoll shaman (D:5)
  An orc priest (D:3)
  2 orc wizards (D:5)
  3 worker ants
  2 hound skeletons
  12 mummies (Ossuary)
  Robin (D:3)
  13 gnolls
  9 adders
  2 river rats (D:5)
  A shadow imp (D:5)
  An adder skeleton (D:5)
  2 worms (D:5)
  4 leopard geckos
  21 orcs
  3 giant cockroaches
  17 goblins
  11 hobgoblins
  3 jackals (D:3)
  3 quokkas
  6 bats
  6 frilled lizards
  2 gnoll skeletons (Ossuary)
  2 goblin skeletons (Ossuary)
  8 kobolds
  2 kobold skeletons (Ossuary)
  2 orc skeletons (Ossuary)
  A quokka skeleton (D:2)
  11 rats
  11 rat skeletons (Ossuary)
173 creatures vanquished.

Notes
Turn   | Place    | Note
-------+----------+-------------------------------------------
     0 | Abyss:1  | Gargoyl the Centaur Abyssal Knight began the quest for the Orb.
     0 | Abyss:1  | Reached XP level 1. HP: 19/19 MP: 2/2
    36 | Abyss:1  | Noticed an iron imp
    38 | Abyss:1  | Noticed a blink frog
    76 | Abyss:3  | Noticed a long sword of holy wrath
    85 | Abyss:3  | Noticed a shadow
    94 | D:1      | Escaped the Abyss
   131 | D:1      | Reached XP level 2. HP: 24/26 MP: 3/3
   187 | D:1      | Reached * piety under Lugonu
   354 | D:1      | Reached skill level 2 in Axes
   774 | D:2      | Gained mutation: You are dopey. (Int -2) [potion of mutation]
   774 | D:2      | Gained mutation: You passively map a small area around you. [potion of mutation]
   774 | D:2      | Gained mutation: Your skin changes colour to match your surroundings (Stealth+). [potion of mutation]
   774 | D:2      | Gained mutation: Your natural rate of healing is unusually fast. [potion of mutation]
   831 | D:2      | Found a shattered altar of Ashenzari.
   928 | D:2      | Reached XP level 3. HP: 29/33 MP: 4/4
  1082 | D:2      | Reached ** piety under Lugonu
  1454 | D:2      | Reached XP level 4. HP: 26/40 MP: 5/5
  1698 | D:3      | Noticed Robin
  1714 | D:3      | Reached skill level 3 in Axes
  1722 | D:3      | Killed Robin
  1782 | D:3      | Reached XP level 5. HP: 24/46 MP: 6/6
  1840 | D:3      | Found an ornate altar of the Wu Jian Council.
  2068 | D:3      | Reached *** piety under Lugonu
  2106 | D:3      | Found a sparkling altar of Nemelex Xobeh.
  2108 | D:3      | Found an opulent altar of Gozag.
  2991 | D:4      | Reached XP level 6. HP: 50/53 MP: 7/7
  2999 | D:4      | Reached skill level 4 in Axes
  3156 | D:4      | Found a sand-covered staircase.
  3160 | Ossuary  | Entered an ossuary
  3445 | Ossuary  | Reached **** piety under Lugonu
  3616 | Ossuary  | Reached skill level 5 in Axes
  3616 | Ossuary  | Reached XP level 7. HP: 53/60 MP: 8/8
  4025 | D:5      | Entered Level 5 of the Dungeon
  4051 | D:5      | Reached skill level 1 in Dodging
  4088 | D:5      | Reached skill level 5 in Fighting
  4482 | D:5      | Reached XP level 8. HP: 47/68 MP: 9/9
  4500 | D:5      | Found a glowing drain.
  4510 | Sewer    | Entered a sewer
  4618 | Sewer    | Reached ***** piety under Lugonu
  4622 | Sewer    | Noticed Purgy
  4632 | Sewer    | Killed Purgy
  4632 | Sewer    | Reached skill level 6 in Axes
  5035 | D:5      | Found a glowing golden altar of the Shining One.
  5088 | D:5      | Noticed a two-headed ogre
  5147 | D:5      | You are sucked into a shaft for 2 floors!
  5398 | D:6      | Found a staircase to the Ecumenical Temple.
  5561 | D:5      | Slain by a two-headed ogre

Skill      XL: |  1  2  3  4  5  6  7  8 |
---------------+-------------------------+-----
Axes           | 2 3 5 6 |  6.3
Fighting       | 4 5 |  5.5
Armour         | 2 3 4 |  4.8
Dodging        | 1 |  1.5
Invocations    | |  2.2

Action                   |  1- 3 |  4- 6 |  7- 9 || total
-------------------------+-------+-------+-------++-------
Melee: Hand axe          |   114 |   256 |   196 ||   566
       Kick              |    17 |    47 |    46 ||   110
Invok: Depart the Abyss  |     1 |       |       ||     1
  Use: Scroll            |     3 |     5 |     7 ||    15
       Potion            |     1 |       |    10 ||    11
  Eat: Chunk             |       |     5 |     3 ||     8
       Ration            |       |       |     1 ||     1
Armor: Leather armour    |     9 |       |       ||     9
       Chain mail        |    79 |   160 |   129 ||   368
       Skin              |       |       |    15 ||    15
Dodge: Dodged            |    33 |    47 |    40 ||   120
